 Dungeon Crawl Stone Soup version 0.17-a0-477-g451446c (console) character file.

4 hhkb the Twirler (level 1, 0/15 (17) HPs)
             Began as a Ghoul Gladiator on Apr 7, 2015.
             Slain by a kobold (3 damage)
             ... on level 1 of the Dungeon.
             The game lasted 00:00:25 (99 turns).

hhkb the Twirler (Ghoul Gladiator)                    Turns: 99, Time: 00:00:25

HP:   0/15 (17)     AC:  4    Str: 18    XL:     1   Next: 60%
MP:   0/0           EV: 12    Int:  3    God:
Gold: 0             SH:  0    Dex:  9    Spells: 0 memorised, 0 levels left

rFire  . . .     SeeInvis .     a - +0 quarterstaff
rCold  + . .     Clarity  .     b - +0 leather armour
rNeg   + + +     SustAb   .     (no shield)
rPois  ∞         Gourm    .     c - +0 helmet
rElec  .         Spirit   .     (no cloak)
rCorr  .         Warding  .     (no gloves)
rMut   .         Stasis   .     (no boots)
MR     .....                    (no amulet)
Stlth  +.........               (no ring)
                                (no ring)

@: rotting, not resistant to hostile enchantments, very unstealthy
A: rotting body, claws 1, carnivore 3, cold resistance 1, negative energy
resistance 3, slow healing 1, torment resistance, unbreathing
a: no special abilities


You were on level 1 of the Dungeon.
You were not hungry.

You visited 1 branch of the dungeon, and saw 1 of its levels.

Inventory:

Hand weapons
 a - a +0 quarterstaff (weapon)
Missiles
 d - 3 throwing nets {=f, !d}
 h - 17 stones (quivered)
Armour
 b - a +0 leather armour (worn)
 c - a +0 helmet (worn)
Scrolls
 i - 4 scrolls of identify {unknown}
Potions
 e - a potion of agility {unknown}
Comestibles
 f - 2 meat rations {@e2}
 g - a chunk of flesh {@w0}


   Skills:
 - Level 2.1 Fighting
 + Level 3.0 Staves
 - Level 1.7 Throwing
 - Level 2.6 Dodging


You couldn't memorise any spells.
You didn't know any spells.

Dungeon Overview and Level Annotations

Branches:
Dungeon (1/15)

Altars:


Innate Abilities, Weirdness & Mutations

Your body is rotting away.
You thrive on raw meat.
You are immune to poison.
You have sharp fingernails.
You are carnivorous and can eat meat at any time.
Your flesh is cold resistant.
You are immune to negative energy.
You heal slowly when monsters are visible.
You are immune to unholy pain and torment.
You can survive without breathing.


Message History

A rat is nearby!
The rat bites you but does no damage.
You closely miss the rat. The rat misses you.
You hit the rat.
You kill the rat!
No target in view!
No target in view!
No target in view!
No target in view!
No target in view!
No target in view!
No target in view!
No target in view!
A hobgoblin comes into view.
The hobgoblin shouts!
A hobgoblin is nearby!
A hobgoblin is nearby!
A hobgoblin is nearby!
A giant newt comes into view.
You completely miss the hobgoblin.
The hobgoblin hits you but does no damage.
You hit the hobgoblin but do no damage.
The hobgoblin hits you but does no damage.
The hobgoblin misses you.
You sock the hobgoblin!
You kill the hobgoblin!
The giant newt misses you.
You see here a hobgoblin corpse.
You hit the giant newt.
You kill the giant newt!
No target in view!
No target in view!
You see here a hobgoblin corpse.
You butcher the hobgoblin corpse.
g - a chunk of flesh {@w0} You may need something to eat soon, looking for food.
Can't find anything matching that.
Sorry, you're not good enough to have a special ability.
e - a ruby potion
h - 17 stones
i - a scroll labeled WURARH LIUFFA
i - 2 scrolls labeled WURARH LIUFFA (gained 1)
i - 3 scrolls labeled WURARH LIUFFA (gained 1)
i - 4 scrolls labeled WURARH LIUFFA (gained 1)
f - 2 meat rations {@e2} (gained 1)
Found a stone staircase leading down.
A goblin and a kobold come into view.
The kobold shouts!
The goblin shouts!
A kobold comes into view. It is wielding a dagger.
There are monsters nearby!
There are monsters nearby!
There are monsters nearby!
The kobold shouts!
The kobold moves out of view.
A giant cockroach comes into view.
You closely miss the kobold.
You feel your flesh rotting away. The kobold misses you.
The kobold barely misses you.
You take 1 damage, and have 16/16 hp.
The kobold barely misses you. The giant cockroach barely misses you.
You see here a scroll labeled QONUHY QUSHAUPS.
You closely miss the giant cockroach. The giant cockroach barely misses you.
The kobold closely misses you.
You barely miss the giant cockroach. The giant cockroach barely misses you.
The kobold misses you.
The giant cockroach waves its antennae.
The giant cockroach misses you.
Unknown command.
You hit the giant cockroach. The giant cockroach closely misses you.
The kobold hits you but does no damage.
You hit the giant cockroach but do no damage.
The giant cockroach bites you. The kobold hits you.
The giant cockroach bites you but does no damage.
You take 2 damage, and have 14/16 hp.
You closely miss the giant cockroach.
You feel your flesh rotting away. The kobold closely misses you.
The giant cockroach closely misses you.
You sock the giant cockroach!
You kill the giant cockroach!
Your Staves skill increases to level 3!
The kobold hits you.
You take 3 damage, and have 11/15 hp.
You see here a giant cockroach corpse.
You closely miss the kobold. The kobold hits you.
The kobold closely misses you.
You take 3 damage, and have 8/15 hp.
You barely miss the kobold. The kobold hits you but does no damage.
You barely miss the kobold. The kobold hits you.
You take 1 damage, and have 7/15 hp.
You closely miss the kobold. The kobold barely misses you.
You barely miss the kobold. The kobold misses you.
You completely miss the kobold. The kobold hits you.
* * * LOW HITPOINT WARNING * * *
You take 4 damage, and have 3/15 hp.
MASSIVE DAMAGE!!
You barely miss the kobold. The kobold misses you.
The kobold closely misses you.
You completely miss the kobold. The kobold hits you.
You die...

#...................#.8.⌠⌠
##.#.##.......###...# ....
.........##..## #...###.##
......#.....#####.......##
...>......................
.........g................
##...###K################
....# #K# #... #@# .. #.#
..# .... ....# ⌠.....
....... ...... ...


You could see a goblin and 2 kobolds.

Vanquished Creatures
  A giant cockroach (D:1)
  A hobgoblin (D:1)
  A giant newt (D:1)
  A rat (D:1)
4 creatures vanquished.

Notes
Turn   | Place    | Note
--------------------------------------------------------------
     0 | D:1      | hhkb, the Ghoul Gladiator, began the quest for the Orb.
     0 | D:1      | Reached XP level 1. HP: 17/17 MP: 0/0
    90 | D:1      | Reached skill level 3 in Staves
    97 | D:1      | HP: 3/15 [kobold (4)]
    99 | D:1      | Slain by a kobold

Action                   || total
-------------------------++-------
Melee: Quarterstaff      ||    21

Vault maps used:
D:1:      zaba_arrival_water, minmay_crystal_water, minmay_statues_item,
          minmay_liquid_box, solitary_fountain

Table legend:
 A = Turns spent in this place as a percentage of turns spent in the entire game.
 B = Non-inter-level travel turns spent in this place as a percentage of non-inter-level travel turns spent in the entire game.
 C = Inter-level travel turns spent in this place as a percentage of turns spent in this place.
 D = Turns resting spent in this place as a percentage of non-inter-level travel turns spent in this place.
 E = Turns spent auto-exploring this place as a percentage of non-inter-level travel turns spent in this place.
 F = Non-inter-level travel turns spent in this place divided by the number of levels of this place that you've seen.
                   A       B       C       D       E      F
               +-------+-------+-------+-------+-------+----------------------
         Total | 100.0 | 100.0 |   0.0 |   0.0 |   6.9 |  87.0
       Dungeon | 100.0 | 100.0 |   0.0 |   0.0 |   6.9 |  87.0
               +-------+-------+-------+-------+-------+----------------------

Table legend:
 A = Kills in this place as a percentage of kills in entire the game.
 B = Kills by you in this place as a percentage of kills by you in the entire game.
 C = Kills by friends in this place as a percentage of kills by friends in the entire game.
 D = Other kills in this place as a percentage of other kills in the entire game.
 E = Experience gained in this place as a percentage of experience gained in the entire game.
 F = Experience gained in this place divided by the number of levels of this place that you have seen.
                   A       B       C       D       E      F
               +-------+-------+-------+-------+-------+----------------------
         Total | 100.0 | 100.0 |  -nan |  -nan | 100.0 |   6.0
       Dungeon | 100.0 | 100.0 |  -nan |  -nan | 100.0 |   6.0
               +-------+-------+-------+-------+-------+----------------------
